 Dungeon Crawl Stone Soup version 0.30-a0-1082-g70414cbcbb (webtiles) character file.

Game seed: 12033585938536571501

786 jlumianski the Chopper (level 7, -1/55 HPs)
             Began as a Demonspawn Fighter on Apr 16, 2023.
             Slain by Duvessa
             ... wielding a +4 short sword of freezing
              (2 damage)
             ... on level 4 of the Dungeon.
             The game lasted 00:10:33 (2649 turns).

jlumianski the Chopper (Demonspawn Fighter)         Turns: 2649, Time: 00:10:34

Health: -1/55      AC:  7    Str: 18    XL:     7   Next: 56%
Magic:  7/7        EV:  9    Int:  9    God:
Gold:   137        SH:  5    Dex: 13    Spells: 6/6 levels left

rFire   . . .      SeeInvis +    a - +0 war axe
rCold   . . .      Faith    .    c - +0 buckler
rNeg    . . .      Spirit   .    b - +0 scale mail
rPois   .          Reflect  .    (no helmet)
rElec   .          Rampage  .    (cloak unavailable)
rCorr   .                        (no gloves)
Will    .....                    (no boots) Stlth
                                 (no amulet)
HPRegen 0.29/turn                f - +4 ring of slaying
MPRegen 0.10/turn                k - ring of see invisible

@: no status effects
A: hooves 1, weakness stinger 3
a: no special abilities


You were on level 4 of the Dungeon.
You visited 1 branch of the dungeon, and saw 4 of its levels.

You collected 137 gold pieces.

Inventory:

Hand Weapons
 a - a +0 war axe (weapon)
 g - a +4 quarterstaff of chaos
Missiles
 e - 2 poisoned darts (quivered)
 i - 22 stones
 w - a silver boomerang
Armour
 b - a +0 scale mail (worn)
 c - a +0 buckler (worn)
 s - a +0 helmet
 u - a +0 pair of gloves
Jewellery
 f - a +4 ring of slaying (left hand)
 k - a ring of see invisible (right hand)
 v - an amulet of faith
Wands
 r - a wand of mindburst (13)
Scrolls
 h - a scroll of blinking
 j - a scroll of teleportation
 l - a scroll of magic mapping
 n - a scroll of fear {unknown}
 q - a scroll of enchant weapon {unknown}
 t - a scroll of poison {unknown}
 y - a scroll of immolation {unknown}
Potions
 d - a potion of might
 m - a potion of attraction
 o - a potion of degeneration
 p - a potion of resistance
 x - a potion of heal wounds
 z - a potion of curing
 A - a potion of cancellation {unknown}


   Skills:
 * Level 4.9 Fighting
 + Level 5.4 Axes
 + Level 4.3 Armour
 + Level 1.5 Dodging
 + Level 3.3 Shields


You had 6 spell levels left.
You didn't know any spells.
Your spell library contained the following spells:

 Spells                   Type           Power      Damage    Failure   Level
 Beastly Appendage        Tmut           0%         N/A       85%         1
 Wereblood                Tmut           0%         N/A       94%         2
 Spider Form              Tmut/Pois      0%         N/A       99%         3
 Animate Armour           Summ/Erth      0%         N/A       100%        4
 Blade Hands              Tmut           0%         N/A       100%        5
 Iron Shot                Conj/Erth      0%         9d1       100%        6


Dungeon Overview and Level Annotations

Branches:
Dungeon (4/15)
 Temple: D:4-7

Altars:

Annotations:
D:4 Duvessa


Innate Abilities, Weirdness & Mutations

You have large cloven feet.
You have a sharp stinger which inflicts weakening toxins.


Message History

Crazy Yiuf is lightly wounded.
Crazy Yiuf hits you with a +4 quarterstaff of chaos!
You slash Crazy Yiuf!
Crazy Yiuf is severely wounded.
You block Crazy Yiuf's attack.
You slash Crazy Yiuf!
You kill Crazy Yiuf!
There is an open translucent door, spattered with blood here.
Things that are here:
a +4 quarterstaff of chaos; a +0 cloak; the gnoll corpse of Crazy Yiuf
g - a +4 quarterstaff of chaos Done exploring.
(D) Dungeon
Where to? (Enter - D:2, ? - help)
What level of the Dungeon? (default 1, ? - help)
There is an open translucent door, spattered with blood here.
Things that are here:
a +0 cloak; the gnoll corpse of Crazy Yiuf
There is a stone staircase leading down here.
You climb downwards.
Level annotation: Duvessa Duvessa hits you with a +4 short sword of freezing!
Duvessa freezes you. You block Duvessa's attack.
There is a stone staircase leading up, spattered with blood here.
You completely miss Duvessa. You kick Duvessa, but do no damage.
You block Duvessa's attack. x2
You closely miss Duvessa. You kick Duvessa, but do no damage.
Duvessa barely misses you.
Duvessa hits you with a +4 short sword of freezing.
Duvessa freezes you.
You slash Duvessa! You kick Duvessa!
Duvessa is moderately wounded.
Duvessa hits you with a +4 short sword of freezing!
* * * LOW HITPOINT WARNING * * *
Duvessa freezes you.
* * * LOW HITPOINT WARNING * * *
Duvessa hits you with a +4 short sword of freezing!
* * * LOW HITPOINT WARNING * * *
Duvessa freezes you.
You die...

#......# #......#
#......#
#......#######
+.............
#.............
#.............
##....[........
.........@.......
..........e......
.................
..........#######
..........#
####......#
#......# #......#


You could see Duvessa (berserk).

Vanquished Creatures
  Grinder (D:3)
  Sigmund (D:2)
  Dowan (D:4)
  2 orc priests (D:3)
  Crazy Yiuf (D:3)
  A sleepcap (D:4)
  Jessica (D:2)
  Natasha (thrice) (D:3)
  2 orc wizards (D:3)
  3 adders
  2 worms (D:3)
  A dart slug (D:2)
  7 orcs (D:3)
  4 bats
  4 endoplasms
  A giant cockroach (D:2)
  2 goblins (D:3)
  10 hobgoblins
  11 jackals
  3 quokkas
  8 ball pythons
  A frilled lizard (D:1)
  7 kobolds
  4 rats
81 creatures vanquished.

Vanquished Creatures (others)
  13 plants
13 creatures vanquished.

Grand Total: 94 creatures vanquished

Notes
Turn   | Place    | Note
-------+----------+-------------------------------------------
     0 | D:1      | jlumianski the Demonspawn Fighter began the quest for the
                  | Orb.
     0 | D:1      | Reached XP level 1. HP: 18/18 MP: 1/1
    99 | D:2      | Noticed Sigmund
   232 | D:1      | Reached skill level 2 in Axes
   232 | D:1      | Discovered your monstrous ancestry.
   232 | D:1      | Gained mutation: You have a small tail. [demonic ancestry]
   232 | D:1      | Reached XP level 2. HP: 24/24 MP: 2/2
   503 | D:2      | Reached XP level 3. HP: 18/29 MP: 3/3
   569 | D:3      | Noticed Natasha
   583 | D:3      | Killed Natasha
   584 | D:3      | Reached skill level 3 in Axes
   584 | D:3      | Gained mutation: You have a tail ending in a sharp stinger.
                  | [demonic ancestry]
   584 | D:3      | Reached XP level 4. HP: 28/35 MP: 4/4
   879 | D:2      | Killed Sigmund
   880 | D:2      | Gained mutation: You have large cloven feet. [demonic
                  | ancestry]
   880 | D:2      | Reached XP level 5. HP: 39/42 MP: 5/5
   944 | D:2      | Noticed Jessica
   948 | D:2      | Killed Jessica
   949 | D:2      | Reached skill level 4 in Axes
   949 | D:2      | Gained mutation: You have a sharp stinger which inflicts
                  | weakening toxins. [demonic ancestry]
   949 | D:2      | Reached XP level 6. HP: 48/48 MP: 6/6
  1003 | D:3      | Found a faded altar of an unknown god.
  1037 | D:4      | Reached skill level 1 in Dodging
  1201 | D:2      | You fall into a shaft and drop 1 floor!
  1350 | D:3      | Noticed Natasha
  1356 | D:3      | Killed Natasha
  1434 | D:4      | Noticed Dowan
  1439 | D:4      | Noticed Duvessa
  1444 | D:4      | Killed Dowan
  1581 | D:3      | Noticed Grinder
  1596 | D:3      | Paralysed by Grinder for 2 turns
  1600 | D:3      | Killed Grinder
  1601 | D:3      | Reached skill level 5 in Axes
  1601 | D:3      | Reached XP level 7. HP: 40/55 MP: 7/7
  1601 | D:3      | Noticed Natasha
  1609 | D:3      | Killed Natasha
  2218 | D:3      | Found a runed translucent door.
  2219 | D:3      | Noticed Crazy Yiuf
  2561 | D:3      | Killed Crazy Yiuf
  2649 | D:4      | HP: 1/55 [Duvessa/+4 short sword of freezing (10)]
  2649 | D:4      | Slain by Duvessa

Illustrated notes

Levels and vault maps discovered:
D:1:      denvon_arrival_planthouse, layout_rooms, st_stairs_6
D:2:      layout_basic, uniq_sigmund, uniq_jessica
D:3:      layout_basic, hellmonk_ecumenical_altar_dog_temple, st_stairs_3,
          nrook_loot_triangle, grunt_decor_junction, serial_bayou_lagoon_b,
          uniq_grinder, uniq_natasha, uniq_crazy_yiuf_cottage
D:4:      layout_gridville, gammafunk_ghost_grave, uniq_eustachio, uniq_duvessa

Skill      XL: |  1  2  3  4  5  6 |
---------------+-------------------+-----
Axes           | 2 3 4 5 |  5.4
Armour         | 3 4 |  4.3
Shields        | 3 |  3.3
Fighting       | 4 |  4.9
Dodging        | 1 |  1.5

Action                     |  1- 3 |  4- 6 |  7- 9 || total
---------------------------+-------+-------+-------++-------
  Melee: War axe           |    73 |    77 |    31 ||   181
         Tailslap          |     4 |     7 |     3 ||    14
         Kick              |       |    15 |     9 ||    24
    Use: Potion            |     1 |     1 |       ||     2
         Scroll            |       |       |     7 ||     7
 Armour: Scale mail        |    35 |    36 |     6 ||    77
  Dodge: Dodged            |    48 |    34 |    10 ||    92
  Block: Buckler           |    20 |    16 |    10 ||    46

Table legend: (Time is in decaauts)
 A = Elapsed time spent in this place.
 B = Non-inter-level travel time spent in this place.
 C = Inter-level travel time spent in this place.
 D = Time resting spent in this place.
 E = Time spent auto-exploring this place.
 F = Levels seen in this place.
 G = Mean time per level.
                   A        B        C        D        E       F      G
               +--------+--------+--------+--------+--------+-----+--------+
         Total |   2742 |   2626 |    116 |     26 |   1591 |   4 |  685.5 |
       Dungeon |   2742 |   2626 |    116 |     26 |   1591 |   4 |  685.5 |
               +--------+--------+--------+--------+--------+-----+--------+

Top non-repeatable levels by time:
     D:3: 1446 daAuts
     D:2: 678 daAuts
     D:1: 586 daAuts
     D:4: 31 daAuts
